TOP OF THE 1ST |
Minnesota (NYP) Twins batting - Pitching for Vermont Lake Monsters : RHP Chad Cooper
|
Pitching: RHP Chad Cooper
|
|
Batting: RHB David McClellan
|
0-0: SINGLE (Line Drive, 8RS, EV 105.6 MPH)
|
Batting: RHB Tim Carter
|
0-0: Called Strike 0-1: Fly out, F9 (Flyball, 9D, EV 103.8 MPH)
|
Batting: LHB Tomas Espino
|
0-0: Ball 1-0: Ball 2-0: Ball 3-0: Called Strike 3-1: Base on Balls David McClellan to second
|
Batting: LHB Ricardo Batista
|
0-0: Foul Ball, location: 2F 0-1: Called Strike 0-2: Strikes out swinging
|
Batting: SHB Chris Hull
|
0-0: Ball 1-0: Foul Ball, location: 2F 1-1: Ball 2-1: Foul Ball, location: 2F 2-2: Foul Ball, location: 2F 2-2: Ball 3-2: Strikes out swinging
|
Top of the 1st over - 0 runs, 1 hit, 0 errors, 2 left on base; Minnesota (NYP) 0 - Vermont 0 |
BOTTOM OF THE 1ST |
Vermont Lake Monsters batting - Pitching for Minnesota (NYP) Twins : RHP Regan Kalinski
|
Pitching: RHP Regan Kalinski
|
|
Batting: RHB Micah Roth
|
0-0: Ball 1-0: Ball 2-0: Ball 3-0: Called Strike 3-1: Base on Balls
|
Batting: LHB Miguel Maymi
|
0-0: Ball 1-0: Foul Ball, location: 2F 1-1: Ball 2-1: Called Strike 2-2: Strikes out swinging
|
Batting: LHB Fred Arends
|
0-0: Ball 1-0: Swinging Strike 1-1: Called Strike Micah Roth steals 2nd base 1-2: Strikes out looking
|
Batting: LHB Alejandro Muniz
|
0-0: Called Strike 0-1: Ball 1-1: Ground out 1-3 (Groundball, 13S, EV 66.2 MPH)
|
Bottom of the 1st over - 0 runs, 0 hits, 0 errors, 1 left on base; Minnesota (NYP) 0 - Vermont 0 |
TOP OF THE 2ND |
Minnesota (NYP) Twins batting - Pitching for Vermont Lake Monsters : RHP Chad Cooper
|
Batting: RHB Andrew Rich
|
0-0: Ball 1-0: Ground out 6-3 (Groundball, 56, EV 103.8 MPH)
|
Batting: LHB David Ramos
|
0-0: Ball 1-0: Ball 2-0: Ground out 3-1 (Groundball, 34, EV 106.9 MPH)
|
Batting: LHB Jose Hilario
|
0-0: Ball 1-0: Foul Ball, location: 2F 1-1: Foul Ball, location: 2F 1-2: Foul Ball, location: 2F 1-2: Ball 2-2: Foul Ball, location: 2F 2-2: Strikes out looking
|
Top of the 2nd over - 0 runs, 0 hits, 0 errors, 0 left on base; Minnesota (NYP) 0 - Vermont 0 |
BOTTOM OF THE 2ND |
Vermont Lake Monsters batting - Pitching for Minnesota (NYP) Twins : RHP Regan Kalinski
|
Batting: LHB Felipe Gomez
|
0-0: Ball 1-0: Ball 2-0: Foul Ball, location: 2F 2-1: Ball 3-1: Base on Balls
|
Batting: LHB Ed Talamantes
|
0-0: Ball Felipe Gomez is caught stealing 2nd base 2-6 1-0: Ball 2-0: Called Strike 2-1: SINGLE (Line Drive, 7LS, EV 102.5 MPH)
|
Batting: RHB Gojko Golob
|
0-0: Called Strike 0-1: Ball 1-1: Ball 2-1: Ball 3-1: Swinging Strike 3-2: Strikes out swinging
|
Batting: RHB Tim Anderson
|
0-0: Swinging Strike 0-1: Ball 1-1: Called Strike 1-2: Foul Ball, location: 2F 1-2: Ball Ed Talamantes steals 2nd base 2-2: Ground out 4-3 (Groundball, 4, EV 104.4 MPH)
|
Bottom of the 2nd over - 0 runs, 1 hit, 0 errors, 1 left on base; Minnesota (NYP) 0 - Vermont 0 |
TOP OF THE 3RD |
Minnesota (NYP) Twins batting - Pitching for Vermont Lake Monsters : RHP Chad Cooper
|
Batting: RHB Chris Bejarano
|
0-0: Called Strike 0-1: Ground out 5-3 (Groundball, 5S, EV 63.8 MPH)
|
Batting: RHB David McClellan
|
0-0: Ball 1-0: Called Strike 1-1: Fly out, F3 (Line Drive, 3L, EV 66.2 MPH)
|
Batting: RHB Tim Carter
|
0-0: Swinging Strike 0-1: Foul Ball, location: 2F 0-2: Ball 1-2: SINGLE (Flyball, 8RS, EV 93.1 MPH)
|
Batting: LHB Tomas Espino
|
0-0: Called Strike 0-1: Ball 1-1: Ball 2-1: Fly out, F7 (Flyball, 7D, EV 106.2 MPH)
|
Top of the 3rd over - 0 runs, 1 hit, 0 errors, 1 left on base; Minnesota (NYP) 0 - Vermont 0 |
BOTTOM OF THE 3RD |
Vermont Lake Monsters batting - Pitching for Minnesota (NYP) Twins : RHP Regan Kalinski
|
Batting: RHB Ricky Trejo
|
0-0: Ball 1-0: DOUBLE (Groundball, 5L, EV 93.8 MPH)
|
Batting: RHB Micah Roth
|
0-0: Called Strike 0-1: Ground out 1-3 (Groundball, 13, EV 66.9 MPH) Ricky Trejo to third
|
Batting: LHB Miguel Maymi
|
0-0: Ball 1-0: Ball 2-0: Called Strike 2-1: Called Strike 2-2: SINGLE (Groundball, 6MD, EV 97.5 MPH) Ricky Trejo scores
|
Batting: LHB Fred Arends
|
0-0: Foul Ball, location: 2F 0-1: Called Strike Miguel Maymi steals 2nd base 0-2: Ball 1-2: Ground out 4-3 (Groundball, 4, EV 85.0 MPH) Miguel Maymi to third
|
Batting: LHB Alejandro Muniz
|
0-0: Ball 1-0: Foul Ball, location: 2F 1-1: Ball 2-1: Foul Ball, location: 2F 2-2: Ground out 1-3 (Groundball, 13S, EV 73.1 MPH)
|
Bottom of the 3rd over - 1 run, 2 hits, 0 errors, 1 left on base; Minnesota (NYP) 0 - Vermont 1 |
TOP OF THE 4TH |
Minnesota (NYP) Twins batting - Pitching for Vermont Lake Monsters : RHP Chad Cooper
|
Batting: LHB Ricardo Batista
|
0-0: Called Strike 0-1: TRIPLE (Flyball, 78XD, EV 102.5 MPH)
|
Batting: SHB Chris Hull
|
0-0: Swinging Strike 0-1: Foul Ball, location: 2F 0-2: Strikes out swinging
|
Batting: RHB Andrew Rich
|
0-0: Ball 1-0: Fly out, F9 (Flyball, 9S, EV 91.9 MPH)
|
Batting: LHB David Ramos
|
0-0: Ball 1-0: Ground out 3-1 (Groundball, 34S, EV 63.1 MPH)
|
Top of the 4th over - 0 runs, 1 hit, 0 errors, 1 left on base; Minnesota (NYP) 0 - Vermont 1 |
BOTTOM OF THE 4TH |
Vermont Lake Monsters batting - Pitching for Minnesota (NYP) Twins : RHP Regan Kalinski
|
Batting: LHB Felipe Gomez
|
0-0: Called Strike 0-1: Called Strike 0-2: Ball 1-2: Ground out 5-3 (Groundball, 56S, EV 86.2 MPH)
|
Batting: LHB Ed Talamantes
|
0-0: Ball 1-0: Foul Ball, location: 2F 1-1: Ground out U3 (Groundball, 3, EV 93.1 MPH)
|
Batting: RHB Gojko Golob
|
0-0: Ball 1-0: Called Strike 1-1: Swinging Strike 1-2: Strikes out swinging
|
Bottom of the 4th over - 0 runs, 0 hits, 0 errors, 0 left on base; Minnesota (NYP) 0 - Vermont 1 |
TOP OF THE 5TH |
Minnesota (NYP) Twins batting - Pitching for Vermont Lake Monsters : RHP Chad Cooper
|
Batting: LHB Jose Hilario
|
0-0: Called Strike 0-1: Swinging Strike 0-2: Strikes out swinging
|
Batting: RHB Chris Bejarano
|
0-0: Foul Ball, location: 2F 0-1: Ball 1-1: Called Strike 1-2: Ball 2-2: Strikes out swinging
|
Batting: RHB David McClellan
|
0-0: Called Strike 0-1: Ball 1-1: Swinging Strike 1-2: Ball 2-2: Strikes out swinging
|
Top of the 5th over - 0 runs, 0 hits, 0 errors, 0 left on base; Minnesota (NYP) 0 - Vermont 1 |
BOTTOM OF THE 5TH |
Vermont Lake Monsters batting - Pitching for Minnesota (NYP) Twins : RHP Regan Kalinski
|
Batting: RHB Tim Anderson
|
0-0: Ball 1-0: Called Strike 1-1: Ground out 4-3 (Groundball, 4S, EV 61.2 MPH)
|
Batting: RHB Ricky Trejo
|
0-0: Foul Ball, location: 2F 0-1: Ball 1-1: Ball 2-1: Foul Ball, location: 2F 2-2: Ball 3-2: Foul Ball, location: 2F 3-2: DOUBLE (Line Drive, 89D, EV 106.9 MPH)
|
Batting: RHB Micah Roth
|
0-0: Called Strike 0-1: Ball 1-1: SINGLE (Groundball, 3D, EV 96.2 MPH) Ricky Trejo to third Runner from 3rd tries for Home, SAFE, throw by RF to home
|
Batting: LHB Miguel Maymi
|
0-0: Fly out, F8 (Flyball, 8RD, EV 94.4 MPH)
|
Batting: LHB Fred Arends
|
0-0: Ball Micah Roth steals 2nd base 1-0: Fly out, F8 (Line Drive, 8RD, EV 105.0 MPH)
|
Bottom of the 5th over - 1 run, 2 hits, 0 errors, 1 left on base; Minnesota (NYP) 0 - Vermont 2 |
TOP OF THE 6TH |
Minnesota (NYP) Twins batting - Pitching for Vermont Lake Monsters : RHP Chad Cooper
|
Batting: RHB Tim Carter
|
0-0: Ball 1-0: Foul Ball, location: 2F 1-1: Called Strike 1-2: Fly out, F7 (Flyball, 78D, EV 108.1 MPH)
|
Batting: LHB Tomas Espino
|
0-0: Ball 1-0: Foul Ball, location: 2F 1-1: Ground out 4-3 (Groundball, 4, EV 88.8 MPH)
|
Batting: LHB Ricardo Batista
|
0-0: Ball 1-0: Ball 2-0: Called Strike 2-1: Foul Ball, location: 2F 2-2: Strikes out swinging
|
Top of the 6th over - 0 runs, 0 hits, 0 errors, 0 left on base; Minnesota (NYP) 0 - Vermont 2 |
BOTTOM OF THE 6TH |
Vermont Lake Monsters batting - Pitching for Minnesota (NYP) Twins : RHP Regan Kalinski
|
Batting: LHB Alejandro Muniz
|
0-0: Ball 1-0: Ball 2-0: Ball 3-0: SINGLE (Groundball, 25, EV 64.4 MPH) (infield hit)
|
Batting: LHB Felipe Gomez
|
0-0: Called Strike 0-1: Ball 1-1: Ball 2-1: Fielders Choice at 2nd, 6-4 (Groundball, 6, EV 96.9 MPH)
|
Batting: LHB Ed Talamantes
|
0-0: Called Strike 0-1: Ball 1-1: Called Strike 1-2: Reached on error, E1 (Groundball, 13, EV 73.1 MPH) Felipe Gomez to second
|
Batting: RHB Gojko Golob
|
0-0: Ball 1-0: Foul Ball, location: 2F 1-1: Fly out, F8 (Line Drive, 8LS, EV 95.0 MPH)
|
Batting: RHB Tim Anderson
|
0-0: Ball 1-0: Foul Ball, location: 2F 1-1: Swinging Strike 1-2: Strikes out looking
|
Bottom of the 6th over - 0 runs, 1 hit, 1 error, 2 left on base; Minnesota (NYP) 0 - Vermont 2 |
TOP OF THE 7TH |
Minnesota (NYP) Twins batting - Pitching for Vermont Lake Monsters : RHP Chad Cooper
|
Batting: SHB Chris Hull
|
0-0: Ball 1-0: Foul Ball, location: 2F 1-1: Fly out, F7 (Line Drive, 7S, EV 91.9 MPH)
|
Batting: RHB Andrew Rich
|
0-0: Swinging Strike 0-1: Foul Ball, location: 2F 0-2: Ground out 1-3 (Groundball, 15S, EV 69.4 MPH)
|
Batting: LHB David Ramos
|
0-0: Called Strike 0-1: Foul Ball, location: 2F 0-2: Foul Ball, location: 2F 0-2: Ball 1-2: Strikes out swinging
|
Top of the 7th over - 0 runs, 0 hits, 0 errors, 0 left on base; Minnesota (NYP) 0 - Vermont 2 |
BOTTOM OF THE 7TH |
Vermont Lake Monsters batting - Pitching for Minnesota (NYP) Twins : RHP Regan Kalinski
|
Batting: RHB Ricky Trejo
|
0-0: Swinging Strike 0-1: Ball 1-1: Ball 2-1: SINGLE (Groundball, 34D, EV 110.0 MPH)
|
Pitching: LHP Bobby Shaw
|
|
Batting: RHB Micah Roth
|
0-0: Bunted foul 0-1: Bunted foul 0-2: Ground out 5-3 (Groundball, 56S, EV 70.0 MPH) Ricky Trejo to second
|
Pinch Hitting: RHB Jamie Jennings
|
0-0: Ball 1-0: Ball 2-0: Ball 3-0: Base on Balls
|
Batting: LHB Fred Arends
|
0-0: Ball 1-0: Ball 2-0: Called Strike 2-1: Foul Ball, location: 2F 2-2: Strikes out swinging
|
Batting: LHB Alejandro Muniz
|
0-0: Ball 1-0: Fielders Choice at 2nd, 6-4 (Groundball, 6, EV 84.4 MPH)
|
Bottom of the 7th over - 0 runs, 1 hit, 0 errors, 2 left on base; Minnesota (NYP) 0 - Vermont 2 |
TOP OF THE 8TH |
Minnesota (NYP) Twins batting - Pitching for Vermont Lake Monsters : RHP Chad Cooper
|
Pitching: LHP Zach Fields
|
|
Now at 2B: Tim Anderson
|
|
Now at SS: Larry Clark
|
|
Pinch Hitting: RHB Leo Gonzalez
|
0-0: Called Strike 0-1: Ball 1-1: Foul Ball, location: 2F 1-2: Foul Ball, location: 2F 1-2: Foul Ball, location: 2F 1-2: Strikes out swinging
|
Pitching: RHP Bryan Vandenburgh
|
|
Pinch Hitting: LHB Kuemon Shishido
|
0-0: Ball 1-0: Ground out 6-3 (Groundball, 6M, EV 108.1 MPH)
|
Batting: RHB David McClellan
|
0-0: Foul Ball, location: 2F 0-1: Swinging Strike 0-2: Ball 1-2: Ball 2-2: Foul Ball, location: 2F 2-2: Foul Ball, location: 2F 2-2: Hit by Pitch
|
Batting: RHB Tim Carter
|
Pickoff Throw to First - Error! E1 David McClellan to second 0-0: Ball 1-0: Ball 2-0: Foul Ball, location: 2F 2-1: Ball 3-1: Called Strike 3-2: Strikes out swinging
|
Top of the 8th over - 0 runs, 0 hits, 1 error, 1 left on base; Minnesota (NYP) 0 - Vermont 2 |
BOTTOM OF THE 8TH |
Vermont Lake Monsters batting - Pitching for Minnesota (NYP) Twins : LHP Bobby Shaw
|
Now in CF: Ton van Dijk
|
|
Now in RF: Dave Bertheau
|
|
Pinch Hitting: RHB Chris Temple
|
0-0: Ground out U3 (Groundball, 3S, EV 75.0 MPH)
|
Batting: LHB Ed Talamantes
|
0-0: Called Strike 0-1: Ball 1-1: DOUBLE (Groundball, 3L, EV 106.2 MPH)
|
Batting: RHB Gojko Golob
|
0-0: Intentional Walk
|
Batting: RHB Tim Anderson
|
0-0: Ball 1-0: Fielders Choice at 2nd, 6-4 (Groundball, 56, EV 80.6 MPH) Ed Talamantes to third
|
Batting: RHB Ricky Trejo
|
0-0: Ground out 6-3 (Groundball, 6S, EV 90.0 MPH)
|
Bottom of the 8th over - 0 runs, 1 hit, 0 errors, 2 left on base; Minnesota (NYP) 0 - Vermont 2 |
TOP OF THE 9TH |
Minnesota (NYP) Twins batting - Pitching for Vermont Lake Monsters : RHP Bryan Vandenburgh
|
Pitching: RHP Jeff Heaster
|
|
Now in LF: Min-chin Yi
|
|
Now in CF: Micah Roth
|
|
Batting: LHB Tomas Espino
|
0-0: Foul Ball, location: 2F 0-1: Called Strike 0-2: Foul Ball, location: 2F 0-2: Ball 1-2: Ball 2-2: DOUBLE (Flyball, 8RXD, EV 113.1 MPH)
|
Batting: LHB Ricardo Batista
|
0-0: Ball 1-0: Foul Ball, location: 2F 1-1: Ball 2-1: Ball 3-1: Foul Ball, location: 2F 3-2: Fly out, F7 (Flyball, 78S, EV 89.4 MPH)
|
Batting: SHB Chris Hull
|
0-0: Fly out, F2 (Popup, 2RF, EV 92.5 MPH)
|
Batting: RHB Andrew Rich
|
0-0: Foul Ball, location: 2F 0-1: Foul Ball, location: 2F 0-2: Ball 1-2: Strikes out swinging
|
Top of the 9th over - 0 runs, 1 hit, 0 errors, 1 left on base; Minnesota (NYP) 0 - Vermont 2 |
|